Cogmind - Beta 13 @@@ ROGUE MODE // 2024.05.18 @ 15:35:15 Player: MaddyMorphosis Result: Destroyed by G-34 Mercenary with Small Laser Performance ------------- Evolutions (1) 500 Regions Visited (2) 400 Robots Destroyed (23) 115 Value Destroyed (673) 673 Prototype IDs (0) 0 Alien Tech Used (0) 0 Bonus (0) 0 TOTAL SCORE: 1688 Bonus ------- None Cogmind --------- Core Integrity 0/400 Matter 255/300 Energy 97/100 System Corruption 0% Temperature Cool (87) Movement Walking (120) Location -9/Materials Parts ------- > --- POWER (2) -------- (None) > --- PROPULSION (2) --- Aluminum Leg > --- UTILITY (2) ------ (None) > --- WEAPON (3) ------- Heavy Assault Rifle > --- INVENTORY (5) ---- (None) Peak State ------------ > --- POWER ------------ Improved Ion Engine Improved Ion Engine > --- PROPULSION ------- Aluminum Leg Aluminum Leg > --- UTILITY ---------- (None) > --- WEAPON ----------- Small Laser Particle Gun Heavy Assault Rifle > --- INVENTORY -------- Aluminum Leg Small Laser [Rating: 11] Favorites ----------- Power Light Ion Engine Engine Light Ion Engine Propulsion Aluminum Leg Leg Aluminum Leg Flight Unit VTOL Module Utility Medium Matter Pod Device Heat Sink Storage Medium Matter Pod Weapon Medium Laser Energy Gun Medium Laser Ballistic Gun Assault Rifle Launcher Grenade Launcher Build | -11 -10 -9 ------- Run | Yrd Mat Mat Slots Evolved 2 | . . 2 Power 1 | . . 1 Propulsion . | . . . Utility . | . . . Weapon 1 | . . 1 Parts Attached 24 | 7 1 16 Power 4 | 1 . 3 Engine 4 | 1 . 3 Core . | . . . Reactor . | . . . Propulsion 8 | 2 . 6 Treads . | . . . Leg 7 | 2 . 5 Wheel . | . . . Hover . | . . . Flight 1 | . . 1 Utility 2 | 2 . . Device 1 | 1 . . Storage 1 | 1 . . Processor . | . . . Hackware . | . . . Protection . | . . . Artifact . | . . . Weapon 10 | 2 1 7 Energy Gun 4 | 1 . 3 Energy Cannon . | . . . Ballistic Gun 5 | 1 . 4 Ballistic Cannon . | . . . Launcher 1 | . 1 . Special Weapon . | . . . Impact Weapon . | . . . Slashing Weapon . | . . . Piercing Weapon . | . . . Special Melee Weapon . | . . . Unidentified Prototypes . | . . . Parts Lost 18 | . . 18 Power 3 | . . 3 Propulsion 6 | . . 6 Utility 2 | . . 2 Weapon 7 | . . 7 Highest Loss Streak 10 | . . 10 To Critical Strikes . | . . . Average Slot Usage (%) 77 | . 100 64 Engine 12 | . 14 11 Leg 20 | . 28 16 Device 8 | . 14 6 Storage 9 | . 14 6 Energy Gun 11 | . 14 10 Ballistic Gun 6 | . 7 6 Launcher 5 | . 6 5 Naked Turns . | . . . Heaviest Build 16 | 10 11 16 Greatest Support 20 | 20 20 20 Greatest Overweight (x) 1 | . . 1 Average Overweight (x) . | . . . Largest Inventory Capacity 5 | 5 5 5 Average Capacity 5 | 5 5 5 Most Carried 5 | 5 4 5 Average Carried 2 | 2 3 2 Final Capacity 5 | 5 5 5 Final Carried 4 | 3 4 . Class Distribution -------------------- 94% | Mutant 3% | Scavenger-Gunner Dominant Class ---------------- Mutant | -10/Materials Mutant | -9/Materials Resources | -11 -10 -9 ----------- Run | Yrd Mat Mat Matter Collected 498 | 310 115 73 Remotely . | . . . Salvage Created 799 | 91 300 408 Parts 54 | 9 14 31 Haulers Intercepted . | . . . Recyclers Shooed . | . . . Parts Field Recycled . | . . . Retrieved Matter . | . . . Parts Self-Destructed . | . . . Prevented . | . . . Kills | -11 -10 -9 ------- Run | Yrd Mat Mat Combat Hostiles Destroyed 16 | 1 6 9 Guns 11 | 1 3 7 AOE 5 | . 3 2 Classes Destroyed 6 | 3 2 1 Worker 2 | 1 1 . Tunneler 1 | 1 . . Recycler 1 | . 1 . Watcher 3 | . 1 2 Grunt 13 | 1 6 6 Sentry 3 | . . 3 Best Kill Streak 6 | 1 6 5 Combat Bots Only 5 | 1 3 5 Max Kills in Single Turn 2 | 1 2 1 Gunslinging . | . . . Exploded 1 | . 1 1 Melee . | . . . Uniques/NPCs Destroyed . | . . . Combat | -11 -10 -9 -------- Run | Yrd Mat Mat Hostile Shots Fired 161 | 2 27 132 Missed 44 | 1 11 32 Damage Taken 1746 | 11 262 1473 Core 439 | . 39 400 Absorbed by Shields . | . . . Core Remaining (%) 92 | 100 84 . Volleys Fired 75 | 7 21 47 Largest 3 | 2 2 3 Hottest 128 | 70 80 128 Shots Fired 139 | 14 42 83 Gun 129 | 14 36 79 Cannon . | . . . Launcher 10 | . 6 4 Special . | . . . Kinetic 62 | 7 15 40 Thermal 67 | 7 21 39 Explosive 10 | . 6 4 Electromagnetic . | . . . Robot Hit Streak 10 | 4 7 10 Robot Miss Streak 4 | 1 2 4 Penetration Max . | . . . Secondary Targets 2 | . . 2 Max Gunslinging Chain 1 | . . 1 Shots Hit Robots 95 | 7 26 62 Core Hits 45 | 4 17 24 Critical Kills . | . . . Critical Parts Destroyed 1 | . . 1 Critical Strikes 1 | . . 1 Destroy 1 | . . 1 Melee Attacks . | . . . Impact . | . . . Slashing . | . . . Piercing . | . . . Sneak Attacks . | . . . Combat Hostiles . | . . . Follow-up Attacks . | . . . Damage Inflicted 1462 | 98 519 845 Guns 1125 | 98 286 741 Cannons . | . . . Explosions 337 | . 233 104 Melee . | . . . Ramming . | . . . Kinetic 579 | 50 158 371 Thermal 546 | 48 128 370 Explosive 337 | . 233 104 Electromagnetic . | . . . Impact . | . . . Slashing . | . . . Piercing . | . . . Highest Corruption . | . . . Average Corruption . | . . . Corruption Purged . | . . . Corruption Blocked . | . . . Overload Shots . | . . . Overflow Damage 5 | . 5 . Projectiles . | . . . Explosions 5 | . 5 . Melee . | . . . Knockbacks . | . . . Impact . | . . . Kinetic . | . . . Secondary . | . . . Self-Inflicted Damage 48 | . 46 2 Shots 4 | . 3 1 Rammed . | . . . Targets Rammed . | . . . Kicked . | . . . Crushed . | . . . Highest Temperature 326 | 38 20 326 Average Temperature 78 | 17 5 100 Received Heat Transfer 696 | 6 141 549 Effects 3 | . . 3 Energy Bleed 1 | . . 1 Interference 2 | . . 2 Siege Activations . | . . . Robots Corrupted . | . . . Combat Hostiles . | . . . Parts Fried . | . . . Impact Corruptions . | . . . Robots Melted . | . . . Combat Hostiles . | . . . Parts Melted . | . . . Heat Transferred 1438 | 148 370 920 Parts Sabotaged . | . . . Parts Stolen . | . . . Parts Stripped . | . . . Power Chain Reactions . | . . . Alert | -11 -10 -9 ------- Run | Yrd Mat Mat Peak Influence 306 | 30 234 306 Initial 98 | . . 98 Average 41 | 3 103 215 Maximum Alert Level 1 | . 1 1 Low Security (%) 89 | 100 92 29 Level 1 10 | . 7 70 Level 2 . | . . . Level 3 . | . . . Level 4 . | . . . Level 5 . | . . . High Security . | . . . Max Security . | . . . Squads Dispatched 5 | . 2 3 Investigation 3 | . 1 2 Extermination . | . . . Reinforcement 2 | . 1 1 Assault . | . . . Garrison . | . . . Intercept . | . . . Searches Triggered . | . . . Construction Impeded . | . . . Haulers Reinforced . | . . . Active Scanning Responses . | . . . Cargo Convoy Interrupts . | . . . Stealth | -11 -10 -9 --------- Run | Yrd Mat Mat Distress Signals 4 | . 1 3 Communications Jammed . | . . . Distress Signals . | . . . Times Spotted 29 | 1 9 19 Peak Tracking Total 7 | 1 3 7 Tactical Retreats . | . . . Traps | -11 -10 -9 ------- Run | Yrd Mat Mat Traps Triggered 1 | . 1 . Indirectly . | . . . Trap Hack Attempts . | . . . Triggered . | . . . Disarmed . | . . . Reprogrammed . | . . . Reused . | . . . Traps Extracted . | . . . Installed . | . . . Triggered . | . . . Machines | -11 -10 -9 ---------- Run | Yrd Mat Mat Machines Disabled 2 | . . 2 Max in Single Turn 2 | . . 2 Machines Repaired . | . . . Machines Dismantled . | . . . Machines Sabotaged . | . . . Overloaded Fab Kills . | . . . Hacking | -11 -10 -9 --------- Run | Yrd Mat Mat Machines Accessed 2 | . . 2 Terminals 2 | . . 2 Fabricators . | . . . Repair Stations . | . . . Recycling Units . | . . . Scanalyzers . | . . . Garrison Access . | . . . Total Hacks 6 | . . 6 Successful 3 | . . 3 Failed 3 | . . 3 Catastrophic 1 | . . 1 Database Lockouts . | . . . Manual . | . . . Terminals 6 | . . 6 Fabricators . | . . . Repair Stations . | . . . Recycling Units . | . . . Scanalyzers . | . . . Garrison Access . | . . . Terminal Hacks 3 | . . 3 Record 3 | . . 3 Fabricator Hacks . | . . . Repair Station Hacks . | . . . Recycling Unit Hacks . | . . . Scanalyzer . | . . . Garrison Access Hacks . | . . . Unauthorized Hacks . | . . . Terminals . | . . . Fabricators . | . . . Repair Stations . | . . . Recycling Units . | . . . Scanalyzers . | . . . Garrison Access . | . . . Data Cores Recovered . | . . . Used . | . . . Hacking Detections 2 | . . 2 Full Trace Events 2 | . . 2 Feedback Events . | . . . Feedback Blocked . | . . . Robot Schematics Acquired . | . . . Robots Built . | . . . Authchips . | . . . Time . | . . . Total Robot Build Rating . | . . . Part Schematics Acquired . | . . . Parts Built . | . . . Authchips . | . . . Time . | . . . Total Part Build Rating . | . . . Parts Repaired . | . . . Time . | . . . Parts Recycled . | . . . Recycled Matter . | . . . Retrieved Matter . | . . . Retrieved Components . | . . . Parts Scanalyzed . | . . . Part Schematics Acquired . | . . . Parts Damaged . | . . . Bothacking | -11 -10 -9 ------------ Run | Yrd Mat Mat Used RIF Installer . | . . . Robots Hacked . | . . . Non-combat . | . . . Combat . | . . . Robot Hacks Applied . | . . . Relay Couplers Released . | . . . Fabnet Peak Effective % . | . . . Robots Rewired . | . . . Allies Hacked . | . . . Hacks Repelled . | . . . Allies | -11 -10 -9 -------- Run | Yrd Mat Mat Total Allies . | . . . Largest Group . | . . . Highest-Rated Group . | . . . Highest-Rated Ally . | . . . Total Orders . | . . . Ally Attacks . | . . . Total Damage . | . . . Kills . | . . . Allies Corrupted . | . . . Allies Melted . | . . . Intel | -11 -10 -9 ------- Run | Yrd Mat Mat Robot Analysis Total . | . . . Derelict Logs Recovered . | . . . Drone Launches . | . . . Drone Recoveries . | . . . Exploration | -11 -10 -9 ------------- Run | Yrd Mat Mat Turns Passed 2151 | 1678 170 303 Spaces Moved 868 | 663 88 117 Core 31 | 22 . 9 Treads . | . . . Legs 836 | 641 88 107 Wheels . | . . . Hover . | . . . Flight 1 | . . 1 Fastest Speed 50 | 50 120 50 Average Speed 118 | 117 120 122 Slowest Speed 190 | 120 120 190 Overloaded Moves . | . . . Propulsion Burnouts . | . . . Robots Hopped . | . . . Cave-ins Triggered . | . . . Exploration Rate (%) 23 | 28 28 15 Regions Visited 2 Branch Regions . Pre-discovered Areas . | . . . Known Exits Taken . | . . . Unknown Exits Taken 2 | 1 1 . Scrap Searched . | . . . Spaces Dug . | . . . Terrain Destroyed 57 | . 32 25 Melee . | . . . Projectile . | . . . AOE 57 | . 32 25 Terrain Rammed . | . . . Walls Destroyed . | . . . Machines Disabled . | . . . Actions | -11 -10 -9 --------- Run | Yrd Mat Mat Total 1861 | 1548 111 202 Wait 865 | 856 . 9 Move 866 | 662 87 117 Hop . | . . . Pick Up 26 | 13 1 12 Fast Attach . | . . . Attach 24 | 7 1 16 Detach 1 | . 1 . Swap . | . . . Drop 4 | 3 . 1 Fire 75 | 7 21 47 Melee . | . . . Ram . | . . . Kick . | . . . Crush . | . . . Escape Stasis . | . . . Rewire . | . . . Trap . | . . . Miscellaneous . | . . . Route ------- -11/Scrapyard -10/Materials -9/Materials History --------- Turn | Location | Event 2 | -11/Scrapyard | Met Revision 17 165 | -11/Scrapyard | Discovered new exit (range 8) 1679 | -11/Scrapyard | Entered Materials 1680 | -10/Materials | Build established: Mutant 1831 | -10/Materials | Discovered new exit (range 4) 1849 | -10/Materials | Entered another Materials area 1849 | -9/Materials | Evolved 2 slots: Power x1, Weapon x1 2069 | -9/Materials | Lost 10 parts (2p3n2u3w) 2128 | -9/Materials | Core integrity fell below 50% 2147 | -9/Materials | Core integrity fell below 20% 2152 | -9/Materials | Destroyed by G-34 Mercenary with Small Laser Last Messages --------------- Imp. Ion Engine destroyed. Sml. Laser destroyed. Overheating: System interference. Hvy. Assault Rifle temporarily disabled. Particle Gun temporarily disabled. Imp. Ion Engine severed. Overheating: Energy bleed (-13). Particle Gun destroyed. Aluminum Leg destroyed. Hvy. Assault Rifle severed. W-16 Scout destroyed. K-01 Serf collects debris. Acquired Hvy. Assault Rifle. W-16 Scout sends out distress signal. Sml. Laser destroyed. K-01 Serf cleans the Terminal. U-05 Engineer builds a Door. K-01 Serf cleans the Terminal. Aluminum Leg destroyed. [Achievement: First Step to Greatness] Map ----- +----------------------------------------------------+ | ?????????????????????????????????????????????????? | | ?????????????????????????????????????????????????# | | ?????????????????????????????????????????????????# | | ?????????????????????????????????????????????????# | | ?????????????????????????????????????????????????# | | ?????????????????????????????????????????????????# | | ?????????????????????????????????????????????????# | | ?????????????????????????????????????????????????# | | ?????????????????????????????????????????????????# | | ???????????????????????????????????????###???????# | | ??????????????????????????????????????? ???????# | | ???????????????????????????#??????????? ???????# | | ?????????????????????????? #??????????+? ???????# | | ?????????????????????? ?"? #????????? #? ???????# | | ?????????????????????? """ #????????? #? ??????# | | ?????????????????????? #????????? #?# #?????## | | ?????????????????????? #????????? #?# #?????# | | ?????????????????????? #??????###+### ##????# | | ???????????????????????" " #????### ###### | | ???????????????????????"R" + | | ????????????????????????"" ???????# """ ###### | | ????????????###/???????? ######## """ #????## | | ??????????### #######+## ## """ ####### | | ????????? g %=*%= k % k | | ????????? gl! ==!!!k | | ????????? gg u*@ =!"T" * | | ??????????? # ########## ##+##########+### | | ????????????## ????????????#######%=%!= ## = | | ?????????????????????????????????# % ## | | ?????????????????????????????????#!*""" ## | | ?????????????????????????????????# """ ## = | | ?????????????????????????????????# """ ### ! | | ?????????????????????????????????# #?# """ | | ?????????????????????????????????########?# "" | | ??????????????????????????????????????????# """ | | ??????????????????????????????????????????# | | ??????????????????????????????????????????######## | | ?????????????????????????????????????????????????? | | ?????????????????????????????????????????????????? | | ?????????????????????????????????????????????????? | | ?????????????????????????????????????????????????? | | ?????????????????????????????????????????????????? | | ?????????????????????????????????????????????????? | | ?????????????????????????????????????????????????? | | ?????????????????????????????????????????????????? | | ?????????????????????????????????????????????????? | | ?????????????????????????????????????????????????? | | ?????????????????????????????????????????????????? | | ?????????????????????????????????????????????????? | | ?????????????????????????????????????????????????? | +----------------------------------------------------+ Best States ------------- Heat Dissipation 38 Energy Generation 19 Energy Capacity 430 Matter Stores 400 Matter Capacity 400 Sight Range 16 Terrain Scan Density 10 Evasion (%) 55 Item Schematics ----------------- None Robot Schematics ------------------ None Fabricated ------------ Nothing Alien Tech Used ----------------- None Achievements -------------- Crack Shot First Step to Greatness One Hack Too Far Uninvited Guest Challenges ------------ None Game ------ Seed NovaTeslaInsulator Manual? 0 Play Time 00:30:33 Cumulative 0.4 hours Start 2024.05.18 @ 02:58:57 End 2024.05.18 @ 15:35:15 Sessions 3 Manual Loads 0 Difficulty Rogue Special Mode None Game No. 1 Rogue 1 Adventurer 0 Explorer 0 Win Type - Total 0 Types 0/0/0/0/0/0/0/0/0 Lore% 0 Gallery% 1 Achievement% 1 Wizard Run 0 Options --------- Layout 1 ASCII 0 Keyboard 0 Movement Mouse Keybinds 0 Fullscreen 2 Font 24/Smallcaps Map View 50x35 Zoom Use 1% Tactical HUD 0 Map Filters NONE Filters NONE Steam 1 RUN: be20da8c-5ad9-4715-8b3c-dc91df67acbe